 Dungeon Crawl Stone Soup version 0.31.0-1-g2c135a008e (webtiles) character file.

Game seed: 5768958664405963161

949 qw the Shooter (level 8, -7/58 HPs)
             Began as a Djinni Hunter on Jan 23, 2024.
             Was a Believer of Okawaru.
             Mangled by a gnoll bouda
             ... wielding a +0 club
              (10 damage)
             ... on level 5 of the Dungeon.
             The game lasted 00:00:17 (3600 turns).

qw the Shooter (Djinni Hunter)                      Turns: 3600, Time: 00:00:18

Health: -7/58      AC:  6    Str:  7    XL:     8   Next: 35%
Gold:   186        EV: 12    Int: 10    God:    Okawaru [**....] SH:  0 Dex: 26

rFire   + + +        g - +0 orcbow
rCold   x . .        (shield currently unavailable)
rNeg    . . .        f - +0 ring mail
rPois   inf          (no helmet)
rElec   +            b - +0 cloak "Fiol" {rElec rF+ Will+++ Str-3}
rCorr   .            (no gloves)
SInv    .            (boots unavailable)
Will    +++..        (no amulet)
Stlth   ++           h - +6 ring of dexterity
HPRegen 0.29/turn    (no ring)
MPRegen 0.00/turn

%: infuse magic (-8 HP)
@: about to teleport, weakened, flying
A: sickness immunity, fire resistance 2, cold vulnerability 1, float, innate
caster, HP casting, extra vitality 1
a: Renounce Religion, Heroism


You were on level 5 of the Dungeon.
You worshipped Okawaru.
Okawaru was pleased with you.
You visited 2 branches of the dungeon, and saw 6 of its levels.

You collected 270 gold pieces.
You spent 84 gold pieces at shops.


Innate Abilities, Weirdness & Mutations

You are immune to sickness and miasma.
You are immune to poison.
Your flesh is very heat resistant. (rF++)
You are vulnerable to cold. (rC-)
You float through the air rather than walking.
You learn spells naturally, not from books.
Your magical power is your life essence.
You have superior vitality. (+4 MHP)


   Skills:
 - Level 4.1 Fighting
 + Level 6.1 Ranged Weapons
 - Level 2.0 Armour
 - Level 4.0 Dodging
 - Level 0.7 Stealth
 + Level 3.5 Invocations


You knew the following spells:

 Your Spells              Type           Power      Damage    Failure   Level
a - Shock                 Conj/Air       0%         1d3       77%         1
b - Searing Ray           Conj           0%         2d4       88%         2
c - Blink                 Tloc           0%         N/A       88%         2
Your spell library was empty.

Inventory:

Hand Weapons
 g - a +0 orcbow (weapon)
Armour
 b - the +0 cloak "Fiol" (worn) {rElec rF+ Will+++ Str-3}
   (You found it on level 2 of the Dungeon)

   Str-3:     It affects your strength (-3).
   rF+:       It protects you from fire.
   rElec:     It insulates you from electricity.
   Will+++:   It greatly increases your willpower.
 f - a +0 ring mail (worn)
Jewellery
 h - a +6 ring of dexterity (left hand)
 k - a ring of see invisible
Wands
 e - a wand of flame (18)
Scrolls
 i - 2 scrolls of teleportation
Potions
 c - a potion of curing
 d - a potion of resistance
 j - a potion of enlightenment

Dungeon Overview and Level Annotations

Branches:
Dungeon (5/15)             Temple (1/1) D:4

Altars:
Ashenzari
Cheibriados
Elyvilon
Hepliaklqana
Nemelex Xobeh
Okawaru
Qazlal
Ru
Trog
Uskayaw
Wu Jian
Xom
Yredelemnul

Shops:
D:2 (

Annotations:
D:5 Dowan


Message History

The gnoll closely misses you. The gnoll hits you but does no damage.
You shoot an arrow.
The arrow hits the gnoll but does no damage.
The gnoll hits you from afar with a +0 halberd!
The gnoll bouda barks out a call to the hunt!
The gnoll picks up the pace!
The gnoll closely misses you. x2
You shoot an arrow. The arrow closely misses the gnoll.
The gnoll is no longer moving quickly.
The gnoll hits you from afar with a +0 halberd!
The gnoll hits you with a +0 spear.
You shoot an arrow.
The arrow closely misses the gnoll bouda.
The gnoll hits you from afar with a +0 halberd.
The gnoll bouda barely misses you. The gnoll barely misses you.
The gnoll bouda barely misses you. The gnoll barely misses you.
You shoot an arrow.
The arrow closely misses the gnoll bouda.
The gnoll hits you with a +0 spear. The gnoll bouda completely misses you.
The gnoll barely misses you. The gnoll completely misses you.
You shoot an arrow.
The arrow hits the gnoll bouda but does no damage.
The gnoll barely misses you.
The gnoll bouda barks out a call to the hunt!
The gnoll picks up the pace!
The gnoll hits you but does no damage.
You shoot an arrow.
The arrow closely misses the gnoll bouda.
The gnoll hits you from afar with a +0 halberd!
The gnoll bouda barely misses you. The gnoll closely misses you.
The gnoll barely misses you.
The gnoll bouda gazes fiercely through you!
You feel your attacks grow feeble. The gnoll bouda closely misses you.
The gnoll barely misses you.
3600 ||| READING 3 scrolls of teleportation.
As you read the scroll of teleportation, it crumbles to dust.
You feel strangely unstable.
The gnoll hits you from afar with a +0 halberd!
The gnoll bouda hits you with a +0 club!
You die...

# #.# #.........#
#.### #.........# 77
#...# #.........#
~~7#####.###.....g...#
~~~7.......'.....g...#
~~~7....####....g....#
........# #...g.....#
~~~7....# ####g######
~~~~~...# #g@#
~~~~7...# ##.##### .
~~~~7...# #.....##.
~~~~7...#####
#####.#..
P~~~7.......# #.#.#
7~~7....#...## #.#.#
7~~.....#...~7 #.#.#
.~......#...~7 #.#.#
...^....~~..~77##
#...#


You could see a gnoll bouda and 2 gnolls.

Vanquished Creatures
  Duvessa (D:5)
  A black bear (D:4)
  An ogre (D:5)
  2 scorpions
  2 bombardier beetles
  5 hounds
  An orc priest (D:4)
  2 sleepcaps
  Terence (D:2)
  2 iguanas
  5 gnolls (D:5)
  6 adders
  A shadow imp (D:5)
  2 ufetubi (D:5)
  3 dart slugs
  A ribbon worm (D:3)
  4 orcs
  3 ball pythons
  6 bats
  4 endoplasms
  3 giant cockroaches
  4 hobgoblins
  A jackal (D:3)
  4 kobolds
  A quokka (D:3)
  A frilled lizard (D:2)
  9 goblins
  6 rats
82 creatures vanquished.

Notes
Turn   | Place    | Note
-------+----------+-------------------------------------------
     0 | D:1      | qw the Djinni Hunter began the quest for the Orb.
     0 | D:1      | Reached XP level 1. HP: 18/18 MP: 0/0
     0 | D:1      | 0 ||| qw: Version: 0.3-a-135-gb77e89d
     0 | D:1      | 0 ||| qw: Game counter: 817
     0 | D:1      | 0 ||| qw: Melee chars always use a shield: true
     0 | D:1      | 0 ||| qw: God list: Okawaru
     0 | D:1      | 0 ||| qw: Allow faded altars: false
     0 | D:1      | 0 ||| qw: Do Orc after clearing Dungeon:15 true
     0 | D:1      | 0 ||| qw: Do second Lair branch before Depths: true
     0 | D:1      | 0 ||| qw: Lair rune preference: random
     0 | D:1      | 0 ||| qw: Goals: Normal
     0 | D:1      | 0 ||| PLANNING D:1-11
   159 | D:1      | Reached XP level 2. HP: 23/23 MP: 0/0
   542 | D:1      | 542 ||| UPGRADING to +0 ring mail.
   552 | D:1      | 552 ||| DROPPING +0 leather armour.
   553 | D:1      | 553 ||| READING scroll labelled ACHIRAM NISHRE.
   554 | D:1      | 554 ||| DRINKING 2 brown potions.
   555 | D:1      | 555 ||| DRINKING 2 smoky puce potions.
   556 | D:1      | 556 ||| DRINKING bubbling ruby potion.
   557 | D:1      | 557 ||| DROPPING scroll of butterflies.
   558 | D:1      | 558 ||| DROPPING potion of ambrosia.
   610 | D:2      | Identified the +0 cloak "Fiol" {rElec rF+ Will+++ Str-3}
   621 | D:2      | Noticed Terence
   637 | D:2      | Killed Terence
   638 | D:2      | Reached skill level 4 in Ranged Weapons
   638 | D:2      | Reached XP level 3. HP: 14/28 MP: 0/0
   638 | D:2      | Learned a level 1 spell: Shock
   675 | D:2      | Reached XP level 4. HP: 25/33 MP: 0/0
   751 | D:2      | Reached skill level 1 in Armour
   929 | D:2      | Found Kiyhut's Antique Weapon Shop.
   938 | D:2      | 938 ||| BUYING orcbow (84 gold).
   938 | D:2      | Bought an orcbow for 84 gold pieces
   938 | D:2      | 938 ||| SWAPPING to +0 orcbow.
   939 | D:2      | 939 ||| DROPPING +0 shortbow.
  1168 | D:2      | 1168 ||| UPGRADING to +0 cloak "Fiol" {rElec rF+ Will+++
                  | Str-3}.
  1173 | D:2      | 1173 ||| READING scroll labelled POUGOHOYVI.
  1174 | D:2      | 1174 ||| READING 4 scrolls labelled HUELIT ZATS.
  1371 | D:3      | 1371 ||| UPGRADING to +6 ring of dexterity.
  1372 | D:3      | 1372 ||| READING 5 scrolls of identify.
  1372 | D:3      | 1372 ||| IDENTIFYING purple potion
  1382 | D:3      | Reached skill level 3 in Fighting
  1385 | D:3      | Reached XP level 5. HP: 40/40 MP: 0/0
  1385 | D:3      | Learned a level 2 spell: Searing Ray
  1461 | D:3      | Reached skill level 3 in Dodging
  1987 | D:3      | 1987 ||| READING 4 scrolls of identify.
  1987 | D:3      | 1987 ||| IDENTIFYING fizzy puce potion
  1988 | D:3      | 1988 ||| READING 3 scrolls of identify.
  1988 | D:3      | 1988 ||| IDENTIFYING fizzy red potion
  1989 | D:3      | 1989 ||| READING 2 scrolls of identify.
  1989 | D:3      | 1989 ||| IDENTIFYING silvery potion
  1990 | D:3      | 1990 ||| READING scroll of identify.
  1990 | D:3      | 1990 ||| IDENTIFYING scroll labelled IMIC WAQIDUUQU
  1991 | D:3      | 1991 ||| READING 2 scrolls labelled CAKHLU ZIKUAHU.
  1996 | D:3      | 1996 ||| READING scroll labelled SEUMULY NOYZUV.
  2097 | D:3      | 2097 ||| READING scroll labelled KOECUS DITTUIP.
  2098 | D:3      | 2098 ||| DROPPING potion of magic.
  2099 | D:3      | 2099 ||| DROPPING scroll of revelation.
  2100 | D:3      | 2100 ||| DROPPING potion of invisibility.
  2101 | D:3      | 2101 ||| DROPPING potion of degeneration.
  2191 | D:4      | Found a staircase to the Ecumenical Temple.
  2192 | D:4      | 2192 ||| PLANNING TEMPLE
  2204 | Temple   | Entered the Ecumenical Temple
  2205 | Temple   | 2205 ||| PLANNING OKAWARU WORSHIP
  2221 | Temple   | Became a worshipper of Warmaster Okawaru
  2222 | Temple   | 2222 ||| PLANNING D:1-11
  2270 | D:4      | Reached XP level 6. HP: 43/46 MP: 0/0
  2307 | D:4      | Reached skill level 5 in Ranged Weapons
  2358 | D:4      | Found a sacrificial altar of Ru.
  2454 | D:4      | Noticed a black bear
  2472 | D:4      | Killed a black bear
  2472 | D:4      | Reached * piety under Okawaru
  2473 | D:4      | Reached XP level 7. HP: 42/52 MP: 0/0
  2473 | D:4      | Learned a level 2 spell: Blink
  2776 | D:4      | 2776 ||| READING 2 scrolls of identify.
  2776 | D:4      | 2776 ||| IDENTIFYING clear potion
  2777 | D:4      | 2777 ||| READING scroll of identify.
  2777 | D:4      | 2777 ||| IDENTIFYING scroll labelled QUDUEXT KISUKK
  2778 | D:4      | 2778 ||| DROPPING scroll of amnesia.
  2802 | D:5      | Entered Level 5 of the Dungeon
  2921 | D:5      | Reached skill level 1 in Invocations
  2945 | D:5      | Reached skill level 6 in Ranged Weapons
  2951 | D:5      | 2951 ||| RETREEEEATING.
  3085 | D:5      | Reached XP level 8. HP: 32/58 MP: 0/0
  3204 | D:5      | Noticed Duvessa
  3205 | D:5      | Noticed Dowan
  3214 | D:5      | HP: 12/58 [Duvessa/+0 short sword (11)]
  3215 | D:5      | 3215 ||| READING 4 scrolls of teleportation.
  3216 | D:5      | 3216 ||| DRINKING potion of heal wounds.
  3217 | D:5      | Killed Duvessa
  3217 | D:5      | Reached ** piety under Okawaru
  3218 | D:5      | Reached skill level 3 in Invocations
  3450 | D:5      | 3450 ||| FLEEEEING.
  3451 | D:5      | 3451 ||| FLEEEEING.
  3452 | D:5      | 3452 ||| FLEEEEING.
  3453 | D:5      | 3453 ||| FLEEEEING.
  3584 | D:5      | 3584 ||| RETREEEEATING.
  3586 | D:5      | 3586 ||| RETREEEEATING.
  3587 | D:5      | 3587 ||| RETREEEEATING.
  3588 | D:5      | 3588 ||| RETREEEEATING.
  3589 | D:5      | 3589 ||| RETREEEEATING.
  3599 | D:5      | HP: 10/58 [gnoll/+0 halberd[a gnoll bouda] (13)]
  3600 | D:5      | 3600 ||| READING 3 scrolls of teleportation.
  3600 | D:5      | HP: 3/58 [gnoll/+0 halberd[a gnoll bouda] (7)]
  3600 | D:5      | Mangled by a gnoll bouda

Levels and vault maps discovered:
D:1:      erik_arrival_triangle_medium, layout_loops_cross
D:2:      layout_basic, serial_shops, shop, uniq_terence
D:3:      layout_basic, serial_bayou_pond_d, minmay_fractal_squares_5
D:4:      minmay_spotlight, layout_basic, nicolae_ru_sacrificial_ziggurat,
          minmay_temple_entry_proselytizer, minmay_misc_feat_five
D:5:      lemuel_insect_pit, layout_basic, lemuel_zombie_altar_kikubaaqudgha,
          serial_bayou, serial_bayou_lagoon_b, serial_bayou_pond_a,
          serial_bayou_shore_b, serial_bayou_shore_a, serial_bayou_ford_a,
          serial_bayou_pond_b, corexii_item_surrounded_by_moat,
          kennysheep_generic_room_4, uniq_duvessa
Temple:   jpeg_temple_clearing

Skill      XL: |  1  2  3  4  5  6  7  8 |
---------------+-------------------------+-----
Ranged Weapons | 4 5 6 |  6.1
Armour         | 1 2 |  2.0
Fighting       | 3 4 |  4.1
Dodging        | 3 4 |  4.0
Invocations    | 2 3 |  3.5
Stealth        | |  0.7

Action                     |  1- 3 |  4- 6 |  7- 9 || total
---------------------------+-------+-------+-------++-------
   Fire: Shortbow          |    66 |    11 |       ||    77
         Orcbow            |       |   115 |    96 ||   211
    Use: Potion            |     3 |       |     1 ||     4
         Scroll            |     1 |    10 |     4 ||    15
 Armour: Leather armour    |     4 |       |       ||     4
         Ring mail         |    12 |    70 |    71 ||   153
  Dodge: Dodged            |    18 |    56 |    58 ||   132

Table legend:
 A = Non-vault XP
 B = Vault XP
 C = Vault XP percentage of total XP
 D = Non-vault monster count
 E = Vault monster count
 F = Vault count percentage of total count
                 A         B        C        D         E       F
            +---------+---------+-------+---------+---------+-------
      Total |     658 |     699 |  51.5 |      61 |      21 |  25.6
            +---------+---------+-------+---------+---------+-------
        D:1 |      26 |       0 |   0.0 |      16 |       0 |   0.0
        D:2 |      33 |      36 |  52.2 |      12 |       1 |   7.7
        D:3 |      90 |      18 |  16.7 |      11 |       8 |  42.1
        D:4 |     155 |     261 |  62.7 |       8 |       5 |  38.5
        D:5 |     354 |     384 |  52.0 |      14 |       7 |  33.3
            +---------+---------+-------+---------+---------+-------
